 Dungeon Crawl Stone Soup version 0.25.0-1-g7eea58d (webtiles) character file.

Game seed: 10397623012643384887

1197 porkupine the Skirmisher (level 8, -1/74 HPs)
             Began as a Minotaur Abyssal Knight on June 28, 2020.
             Was an Elder of Lugonu.
             Killed by divine providence
             ... invoked by an orc priest
              (14 damage)
             ... on level 6 of the Dungeon.
             The game lasted 00:11:26 (5078 turns).

porkupine the Skirmisher (Minotaur Abyssal Knight)  Turns: 5078, Time: 00:11:26

Health: -1/74      AC: 14    Str: 20    XL:     8   Next: 20%
Magic:  8/8        EV:  7    Int:  9    God:    Lugonu [****..]
Gold:   241        SH:  0    Dex:  9    Spells: 7/7 levels left

rFire    . . .     SeeInvis .   q - +0 battleaxe
rCold    . . .     Gourm    .   (shield currently unavailable)
rNeg     . . .     Faith    .   A - +1 plate armour
rPois    .         Spirit   .   n - +1 hat
rElec    .         Reflect  .   (no cloak)
rCorr    .         Harm     .   (no gloves)
MR       .....                  (no boots)
Stlth    ..........             (no amulet)
HPRegen  0.22/turn              (no ring)
MPRegen  0.11/turn              (no ring)

@: no status effects
A: retaliatory headbutt, horns 2
a: Depart the Abyss, Bend Space, Banish, Corrupt, Renounce Religion


You were on level 6 of the Dungeon.
You worshipped Lugonu.
Lugonu was greatly pleased with you.
You were hungry.

You visited 2 branches of the dungeon, and saw 7 of its levels.
You visited the Abyss 1 time.

You collected 241 gold pieces.

Inventory:

Hand Weapons
 a - a +2 mace
 q - a +0 battleaxe (weapon)
Missiles
 e - 4 boomerangs
 j - 2 atropa-tipped darts (quivered)
 y - 23 poisoned darts
Armour
 n - a +1 hat (worn)
 A - a +1 plate armour (worn)
Wands
 d - a wand of acid (1)
 h - a wand of disintegration (12)
 o - a wand of flame (23)
Scrolls
 b - 8 scrolls of teleportation
 s - 4 scrolls of identify
 v - 2 scrolls of blinking
 x - a scroll of remove curse
Potions
 f - a potion of cancellation {unknown}
 g - a potion of flight {unknown}
 i - 3 potions of berserk rage {unknown}
 k - 3 potions of might {unknown}
 l - a potion of curing {unknown}
 m - a potion of ambrosia {unknown}
 p - a potion of heal wounds {unknown}
 r - a potion of haste {unknown}
 t - a potion of degeneration {unknown}
 z - a potion of mutation {unknown}
Comestibles
 c - 11 rations


   Skills:
 + Level 7.8 Fighting
 + Level 6.5 Maces & Flails
 + Level 6.5 Armour
 + Level 2.5 Dodging
 + Level 0.4 Stealth
 + Level 2.6 Invocations
 + Level 0.3 Evocations


You had 7 spell levels left.
You didn't know any spells.
Your spell library was empty.

Dungeon Overview and Level Annotations

Branches:
Dungeon (6/15)             Temple (1/1) D:5

Altars:
Cheibriados
Elyvilon
Kikubaaqudgha
Nemelex Xobeh
Qazlal
Ru
Sif Muna
Uskayaw
Xom
Yredelemnul


Innate Abilities, Weirdness & Mutations

You reflexively headbutt those who attack you in melee.
You have a pair of horns on your head.


Message History

You slash the orc wizard! You headbutt the orc wizard.
The orc wizard is almost dead.
The orc priest invokes the aid of Beogh against you.
Beogh smites you!
* * * LOW HITPOINT WARNING * * *
The orc wizard gestures wildly while chanting.
The orc wizard flickers and vanishes!
Deactivating autopickup; reactivate with Ctrl-A.
The orc wizard closely misses you.
The orc priest calls upon Beogh to heal the orc wizard.
The orc wizard is healed somewhat.
The orc wizard points at you and mumbles some strange words.
The puff of flame hits you but does no damage.
The orc priest looks satisfied for a moment.
The orc wizard looks encouraged for a moment.
The orc wizard casts a cantrip, but nothing happens.
The orc priest looks braver for a moment.
The orc priest invokes the aid of Beogh against you.
Beogh smites you!
You die...

.............#≈...≈#
..........o###≈...≈#
.............#≈...≈#
...........o.#≈...≈#
..........o..#≈...≈#
.#...........#≈...≈#
#...........#≈...≈#
#............#≈...≈#
..........@..###.###
.............## #.#
..............# #.#
..............###.##
...................#
..#.............#####
... #...........#
#..#.....<....##
#.#.........##


You could see 2 orc priests and an orc wizard.

Vanquished Creatures
  A smoke demon (Abyss:2)
  An orc warrior (D:5)
  A centaur (D:5)
  2 bullfrogs (D:5)
  A howler monkey (D:4)
  A crimson imp (D:5)
  A hound (D:5)
  A centaur skeleton (D:6)
  A jelly (D:5)
  A quasit (D:5)
  2 orc wizards (D:5)
  An iguana (D:4)
  Ijyb (D:3)
  3 worker ants
  A hound skeleton (D:4)
  A worker ant zombie (D:4)
  Robin (D:2)
  9 adders
  An ooze (D:3)
  An adder skeleton (D:5)
  2 worms
  2 dart slugs
  2 leopard geckos (D:1)
  12 orcs
  9 bats
  A bat zombie (D:6)
  14 giant cockroaches
  14 goblins
  12 hobgoblins
  2 quokkas
  5 frilled lizards
  7 kobolds
  A leopard gecko skeleton (D:6)
  7 rats
  2 rat zombies (D:6)
124 creatures vanquished.

Notes
Turn   | Place    | Note
-------+----------+-------------------------------------------
     0 | Abyss:1  | porkupine the Minotaur Abyssal Knight began the quest for
                  | the Orb.
     0 | Abyss:1  | Reached XP level 1. HP: 19/19 MP: 1/1
    48 | Abyss:1  | Noticed a golden eye
   172 | Abyss:2  | Noticed a smoke demon
   175 | Abyss:2  | Killed a smoke demon
   175 | Abyss:2  | Reached skill level 6 in Fighting
   175 | Abyss:2  | Reached XP level 2. HP: 14/31 MP: 2/2
   175 | Abyss:2  | Reached XP level 3. HP: 17/38 MP: 3/3
   175 | Abyss:2  | Reached XP level 4. HP: 20/45 MP: 4/4
   175 | Abyss:2  | Reached XP level 5. HP: 23/51 MP: 5/5
   175 | Abyss:2  | Reached XP level 6. HP: 26/58 MP: 6/6
   188 | Abyss:2  | Noticed a starcursed mass
   190 | D:1      | Escaped the Abyss
   542 | D:1      | Found a snail-covered altar of Cheibriados.
  1367 | D:2      | Reached ** piety under Lugonu
  1528 | D:2      | Noticed Robin
  1529 | D:2      | Reached skill level 7 in Fighting
  1553 | D:2      | Killed Robin
  1855 | D:2      | Found a faded altar of an unknown god.
  2026 | D:3      | Noticed Ijyb
  2038 | D:3      | Killed Ijyb
  2452 | D:3      | Reached *** piety under Lugonu
  3001 | D:4      | Reached XP level 7. HP: 66/66 MP: 7/7
  3354 | D:4      | Reached skill level 5 in Maces & Flails
  3729 | D:5      | Entered Level 5 of the Dungeon
  3742 | D:5      | Reached skill level 5 in Armour
  4062 | D:5      | Found a staircase to the Ecumenical Temple.
  4098 | Temple   | Entered the Ecumenical Temple
  4376 | D:5      | Reached XP level 8. HP: 70/73 MP: 8/8
  4976 | D:6      | Reached **** piety under Lugonu
  5023 | D:6      | Found an ancient bone altar of Kikubaaqudgha.
  5078 | D:6      | Killed from afar by an orc priest

Illustrated notes

Levels and vault maps discovered:
D:1:      erik_arrival_orb_chamber, layout_basic, cheibriados_altar_1
D:2:      layout_loops_ring, chequers_ecumenical_altar_grove, first_ration,
          uniq_robin
D:3:      minmay_roachtagon, layout_rooms, hex_tiny, uniq_ijyb
D:4:      layout_gridville, bh_walls_and_bars
D:5:      layout_rooms, minmay_temple_entry_arrows
D:6:      layout_rooms, lemuel_zombie_altar_kikubaaqudgha,
          minmay_misc_feat_square
Temple:   nicolae_temple_x_marks_the_god

Skill      XL: |  1  2  3  4  5  6  7 |
---------------+----------------------+-----
Fighting       | 6 7 |  7.8
Maces & Flails | 3 4 6 |  6.5
Armour         | 3 4 6 |  6.5
Invocations    | 2 |  2.6
Dodging        | 2 |  2.5
Stealth        | |  0.4
Evocations     | |  0.3

Action                   |  1- 3 |  4- 6 |  7- 9 || total
-------------------------+-------+-------+-------++-------
Melee: Mace              |    20 |   186 |   134 ||   340
       Headbutt          |       |    21 |    17 ||    38
       Battleaxe         |       |       |     7 ||     7
Throw: Dart              |       |     2 |       ||     2
Evoke: Wand              |     2 |     1 |       ||     3
  Use: Scroll            |       |    10 |     4 ||    14
 Stab: Invisible         |       |     1 |       ||     1
  Eat: Chunk             |       |     7 |     6 ||    13
Armor: Scale mail        |       |    95 |       ||    95
       Chain mail        |       |    13 |    97 ||   110
       Leather armour    |       |     6 |       ||     6
       Plate armour      |       |       |    18 ||    18
Dodge: Dodged            |       |   119 |    75 ||   194
